 Dungeon Crawl Stone Soup version 0.21.0-22-g11d5b52 (webtiles) character file.

675 Monsterracer the Chopper (level 7, -4/54 HPs)
             Began as a Formicid Fighter on Jan 18, 2018.
             Was a Follower of Uskayaw.
             Splashed by Ijyb the jelly's acid (9 damage)
             ... on level 4 of the Dungeon.
             The game lasted 00:07:16 (4661 turns).

Monsterracer the Chopper (Formicid Fighter)         Turns: 4661, Time: 00:07:16

Health: -4/54      AC:  3    Str: 23      XL:     7   Next: 91%
Magic:  8/8        EV:  9    Int:  6 (7)  God:    Uskayaw [*.....]
Gold:   81         SH: 10    Dex:  8 (10) Spells: 6/6 levels left

rFire    . . .     SeeInvis +   a - +1 war axe
rCold    . . .     Gourm    +   f - +1 shield
rNeg     . . .     Faith    .   g - +0 scale mail
rPois    .         Spirit   .   (helmet unavailable)
rElec    .         Reflect  .   (no cloak)
rCorr    .         Harm     .   (no gloves)
MR       .....                  (no boots)
Stlth    ..........             q - amulet of the gourmand
HPRegen  0.18/turn              (no ring)
MPRegen  0.11/turn              (no ring)

@: corroded
A: permanent stasis, dig shafts and tunnels, four strong arms, antennae 3
a: Dig, Shaft Self, Stomp, Renounce Religion


You were on level 4 of the Dungeon.
You worshipped Uskayaw.
Uskayaw was noncommittal.
You were not hungry.

You visited 2 branches of the dungeon, and saw 5 of its levels.

You collected 81 gold pieces.

Inventory:

Hand Weapons
 a - a +1 war axe (weapon)
 b - a +1 flail of crushing
Missiles
 e - 2 throwing nets (quivered)
Armour
 f - a +1 shield (worn)
 g - a +0 scale mail (worn)
Jewellery
 q - an amulet of the gourmand (around neck)
Wands
 s - a wand of polymorph (10)
Scrolls
 i - a scroll of identify {unknown}
Potions
 d - a potion of might
 h - 2 potions of ambrosia {unknown}
 u - a potion of curing
Comestibles
 c - 5 rations


   Skills:
 + Level 4.0 Fighting
 * Level 6.8 Axes
 + Level 4.0 Armour
 + Level 1.6 Dodging
 + Level 4.5 Shields
 + Level 1.3 Invocations


You had 6 spell levels left.
You didn't know any spells.

Dungeon Overview and Level Annotations

Branches:
Dungeon (4/15)             Temple (1/1) D:4

Altars:
Ashenzari
Cheibriados
Dithmenos
Elyvilon
Gozag
Kikubaaqudgha
Makhleb
Nemelex Xobeh
Okawaru
Trog
Uskayaw
Vehumet
Wu Jian
Yredelemnul
The Shining One

Annotations:
D:4 Ijyb


Innate Abilities, Weirdness & Mutations

You cannot be hasted, slowed, berserked, paralysed or teleported.
You can dig through walls and to a lower floor.
Your four strong arms can wield two-handed weapons with a shield.
You have a pair of large antennae on your head. (SInv)


Message History

Edmund is severely wounded.
Edmund barely misses you.
You slash Edmund!
Edmund is almost dead.
Edmund barely misses you.
Uskayaw will force your foes to helplessly watch your dance.
Uskayaw prepares the audience for your solo!
The helpless Edmund fails to defend himself.
You hit Edmund but do no damage.
Edmund is almost dead.
Edmund is no longer paralysed.
Edmund closely misses you.
You barely miss Edmund.
Edmund is almost dead.
Edmund hits you with a flail of crushing.
* * * LOW HITPOINT WARNING * * *
* * * LOW HITPOINT WARNING * * *
You take 7 damage, and have 20/53 hp.
You stomp with the beat, sending a shockwave through the revelers around you!
You kill Edmund!
You feel your intelligence returning.
Your Fighting skill increases to level 4!
Your Armour skill increases to level 4!
Your Invocations skill increases to level 1!
You feel somewhat more hungry.
You now have 4/8 mp.
Things that are here:
a flail of crushing; a scale mail; the human corpse of Edmund
g - a flail of crushing Adjust (i)tems, (s)pells, or (a)bilities?
Adjust which item? (? for menu, Esc to quit)
g - a flail of crushing Adjust to which letter? (? for menu, Esc to quit)
b - a flail of crushing;
g - a +0 scale mail (worn)
b - a +1 flail of crushing (weapon)
a - a +1 war axe (weapon)
You can no longer pass through a line of other dancers.
You are feeling hungry.
You regained 4 hp, and now have 25/54 hp.
You regained 2 mp, and now have 6/8 mp.
Magic restored.
Key pressed, stopping explore.
Key pressed, stopping explore.
Key pressed, stopping explore.
HP restored.
You butcher the human corpse of Edmund.
h - 2 chunks of flesh You see here a scale mail. x2
Eating one of 2 chunks of flesh.
You eat one of the 2 chunks of flesh.
This raw flesh tastes great.
Eating a chunk of flesh.
You eat the chunk of flesh.
This raw flesh tastes great.
Key pressed, stopping explore.
h - a bubbling emerald potion Health restored: 54; MP restored: 8 You now have 81 gold pieces (gained 7).
h - 2 bubbling emerald potions (gained 1)
You see here a club.
i - a scroll labeled YTTEOMPESHRI Ijyb the Twisted Goblin comes into view.
She is wielding a dagger.
You start waiting.
You closely miss Ijyb.
Ijyb zaps a wand.
You are blasted!
It is a wand of disintegration (13).
You take 10 damage, and have 44/54 hp.
You closely miss Ijyb.
Ijyb zaps a wand.
You are blasted!
You take 12 damage, and have 32/54 hp.
MASSIVE DAMAGE!!
You hit Ijyb.
Ijyb is moderately wounded.
Ijyb zaps a wand.
You are blasted!
* * * LOW HITPOINT WARNING * * *
You take 17 damage, and have 15/54 hp.
MASSIVE DAMAGE!!
Evoke which item? (* to show all) (? for menu, Esc to quit)
Aiming: Polymorph
Press: ? - help, Shift-Dir - straight line, f - Ijyb
Aim: Ijyb, wielding a dagger, wearing a leather armour and carrying a wand of disintegration (11) (moderately wounded, chance to defeat MR: 54%) Ijyb evaporates and reforms as a swamp drake!
Ijyb bites you but does no damage.
Ijyb is nearby!
Evoke which item? (* to show all) (? for menu, Esc to quit)
Aiming: Polymorph
Press: ? - help, Shift-Dir - straight line, f/p - Ijyb
Aim: Ijyb the swamp drake (chance to defeat MR: 46%) Ijyb the swamp drake evaporates and reforms as a steam dragon!
Evoke which item? (* to show all) (? for menu, Esc to quit)
Aiming: Polymorph
Press: ? - help, Shift-Dir - straight line, f/p - Ijyb
Aim: Ijyb the steam dragon (chance to defeat MR: 46%) Ijyb resists with some effort.
Ijyb bites you!
* * * LOW HITPOINT WARNING * * *
Ijyb barely misses you.
You take 9 damage, and have 7/54 hp.
Evoke which item? (* to show all) (? for menu, Esc to quit)
Aiming: Polymorph
Press: ? - help, Shift-Dir - straight line, f/p - Ijyb
Aim: Ijyb the steam dragon (chance to defeat MR: 46%) Ijyb the steam dragon evaporates and reforms as a jelly!
Ijyb hits you.
* * * LOW HITPOINT WARNING * * *
The acid corrodes you!
You are splashed with acid!
The acid burns!
You die...

#.##### *.......*
####.,* #.#
*.......# ##,,
##.# *,,,,,,,* **,
##..# **,,,,,**
*,, #..##
**,,,**********,*
#.##
*****#.,,,,,,,,*
##.#
#####....*********
####..##
#.J...#***
#......#
######@#****
#......###......#
#..........######
#......#####
########


You could see Ijyb the jelly.

Vanquished Creatures
  Sigmund (D:2)
  Menkaure (D:4)
  Edmund (D:4)
  2 scorpions
  An iguana (D:4)
  2 worker ants (D:4)
  2 adders
  An ooze (D:4)
  2 worms
  5 dart slugs
  2 leopard geckos
  An orc (D:4)
  8 bats
  4 giant cockroaches
  5 goblins
  8 hobgoblins
  6 jackals
  2 quokkas (D:3)
  4 ball pythons
  2 frilled lizards
  12 kobolds
  2 rats
74 creatures vanquished.

Notes
Turn   | Place    | Note
-------+----------+-------------------------------------------
     0 | D:1      | Monsterracer the Formicid Fighter began the quest for the Orb.
     0 | D:1      | Reached XP level 1. HP: 18/18 MP: 1/1
   120 | D:1      | Reached XP level 2. HP: 24/24 MP: 2/2
   282 | D:1      | Reached skill level 3 in Axes
   517 | D:1      | Reached XP level 3. HP: 29/29 MP: 3/3
  1240 | D:2      | Noticed Sigmund
  1258 | D:2      | HP: 11/29 [Sigmund/magic dart (5)]
  1259 | D:2      | Killed Sigmund
  1259 | D:2      | Reached skill level 5 in Axes
  1259 | D:2      | Reached XP level 4. HP: 14/35 MP: 4/4
  1259 | D:2      | Reached XP level 5. HP: 16/41 MP: 5/5
  1259 | D:2      | Reached XP level 6. HP: 18/47 MP: 6/6
  1699 | D:2      | Found an opulent altar of Gozag.
  2356 | D:3      | Reached skill level 6 in Axes
  2369 | D:3      | Found a white marble altar of Elyvilon.
  2532 | D:3      | Found an ornate altar of the Wu Jian Council.
  2551 | D:3      | Found a snail-covered altar of Cheibriados.
  2552 | D:3      | Found an iron altar of Okawaru.
  2554 | D:3      | Found a shadowy altar of Dithmenos.
  2556 | D:3      | Found a glowing golden altar of the Shining One.
  3106 | D:3      | HP: 21/47 [poisoned by a scorpion]
  3111 | D:3      | HP: 13/47 [poisoned by a scorpion]
  3119 | D:3      | HP: 23/47 [poisoned by a scorpion]
  3125 | D:3      | HP: 20/47 [poisoned by a scorpion]
  3131 | D:3      | HP: 18/47 [poisoned by a scorpion]
  3137 | D:3      | HP: 17/47 [poisoned by a scorpion]
  3144 | D:3      | HP: 16/47 [poisoned by a scorpion]
  3473 | D:4      | Found a staircase to the Ecumenical Temple.
  3481 | D:4      | Reached skill level 1 in Dodging
  3481 | D:4      | Reached XP level 7. HP: 42/52 MP: 7/7
  3495 | D:4      | HP: 26/52 [poisoned by a scorpion]
  3500 | D:4      | HP: 25/53 [poisoned by a scorpion]
  3505 | Temple   | Entered the Ecumenical Temple
  3506 | Temple   | HP: 24/53 [poisoned by a scorpion]
  3514 | Temple   | HP: 23/53 [poisoned by a scorpion]
  3857 | Temple   | Became a worshipper of Uskayaw the Reveler
  4059 | D:4      | Noticed Menkaure
  4063 | D:4      | Reached * piety under Uskayaw
  4064 | D:4      | Reached ** piety under Uskayaw
  4065 | D:4      | Killed Menkaure
  4106 | D:4      | Noticed Edmund
  4117 | D:4      | HP: 26/53 [Edmund/flail of crushing (5)]
  4295 | D:4      | HP: 26/53 [Edmund/flail of crushing (1)]
  4299 | D:4      | Reached *** piety under Uskayaw
  4301 | D:4      | HP: 22/53 [Edmund/flail of crushing (5)]
  4302 | D:4      | Killed Edmund
  4302 | D:4      | Reached skill level 1 in Invocations
  4649 | D:4      | Noticed Ijyb
  4657 | D:4      | HP: 15/54 [disintegration (17)]
  4658 | D:4      | Noticed Ijyb
  4658 | D:4      | Ijyb changed into Ijyb the swamp drake
  4659 | D:4      | Noticed Ijyb
  4659 | D:4      | Ijyb the swamp drake changed into Ijyb the steam dragon
  4660 | D:4      | HP: 7/54 [Ijyb the steam dragon (9)]
  4661 | D:4      | Noticed Ijyb
  4661 | D:4      | Ijyb the steam dragon changed into Ijyb the jelly
  4661 | D:4      | Splashed by Ijyb the jelly's acid

Skill      XL: |  1  2  3  4  5  6  7 |
---------------+----------------------+-----
Axes           | 3 5 6 |  6.8
Shields        | 4 |  4.5
Dodging        | 1 |  1.6
Fighting       | 4 |  4.0
Armour         | 4 |  4.0
Invocations    | 1 |  1.3

Action                   |  1- 3 |  4- 6 |  7- 9 || total
-------------------------+-------+-------+-------++-------
Melee: War axe           |    82 |   150 |    47 ||   279
Invok: Stomp             |       |       |     1 ||     1
Evoke: Wand              |       |       |     6 ||     6
  Use: Scroll            |       |     7 |     1 ||     8
       Potion            |       |     7 |     1 ||     8
 Stab: Paralysed         |       |       |     1 ||     1
  Eat: Chunk             |       |    10 |     3 ||    13
Armor: Scale mail        |    18 |    51 |     4 ||    73
Dodge: Dodged            |    26 |    44 |    17 ||    87
Block: Shield            |    41 |    64 |    13 ||   118

Vault maps used:
D:1:      evilmike_arrival_run_for_it, bh_walls_and_bars
D:2:      minmay_misc_feat_roman, serial_bayou_lagoon_a,
          grunt_gozag_breadcrumbs, uniq_sigmund
D:3:      overflow_temple_1_default, minitemple, kennysheep_generic_room_4
D:4:      minmay_temple_entry_statues_pillars, minmay_hedge_maze, uniq_edmund,
          uniq_menkaure, uniq_ijyb
Temple:   jpeg_temple_island
